 Dungeon Crawl Stone Soup version 0.24.0-2-g5b39cebb1c (webtiles) character file.

Game seed: 5545409524083161612, levelgen mode: deterministic

38 mopl the Firebug (level 3, -5/21 HPs)
             Began as an Octopode Fire Elementalist on Oct 29, 2019.
             Killed by nerve-wracking pain
             ... invoked by Grinder
              (11 damage)
             ... on level 3 of the Dungeon.
             The game lasted 00:01:48 (1484 turns).

mopl the Firebug (Octopode Fire Elementalist)       Turns: 1484, Time: 00:01:49

Health: -5/21      AC:  1    Str:  7    XL:     3   Next: 43%
Magic:  6/6        EV: 13    Int: 18    God:
Gold:   121        SH:  0    Dex: 12    Spells: 3/7 levels left

rFire    . . .     SeeInvis .   f - -2 whip (curse)
rCold    . . .     Gourm    .   (no shield)
rNeg     . . .     Faith    .   (helmet restricted)
rPois    .         Spirit   .   (no amulet)
rElec    .         Reflect  .   (no ring)
rCorr    .         Harm     .   (no ring)
MR       .....                  (no ring)
Stlth    +++.......             (no ring)
HPRegen  0.07/turn              (no ring)
MPRegen  0.10/turn              (no ring)
                                (no ring)
                                (no ring)

@: no status effects
A: almost no armour, stealthy swim, amphibious, 8 rings, constrict 8, camouflage
1, gelatinous body 1
a: no special abilities


You were on level 3 of the Dungeon.
You were not hungry.

You visited 1 branch of the dungeon, and saw 3 of its levels.

You collected 121 gold pieces.

Inventory:

Hand Weapons
 f - a cursed -2 whip (weapon)
 h - a +0 long sword
Scrolls
 b - a scroll of teleportation {unknown}
 d - 2 scrolls of enchant armour {unknown}
 e - 3 scrolls of identify {unknown}
 g - a scroll of fear {unknown}
Comestibles
 a - 6 chunks of flesh
 c - 3 rations


   Skills:
 - Level 2.0 Dodging
 - Level 2.6 Stealth
 + Level 2.5 Spellcasting
 + Level 1.9 Conjurations
 + Level 3.5 Fire Magic


You had 3 spell levels left.
You knew the following spells:

 Your Spells              Type           Power        Failure   Level  Hunger
a - Flame Tongue          Conj/Fire      ##...        5%          1    #......
c - Conjure Flame         Conj/Fire      ##......     17%         3    ###....

Your spell library contained the following spells:

 Spells                   Type           Power        Failure   Level  Hunger
 Throw Flame              Conj/Fire      ##....       9%          2    ##.....
 Inner Flame              Hex/Fire       #.......     26%         3    ###....
 Sticky Flame             Conj/Fire      ##......     50%         4    #####..
 Fireball                 Conj/Fire      ##........   83%         5    ######.


Dungeon Overview and Level Annotations

Branches:
Dungeon (3/15)

Altars:
Hepliaklqana

Annotations:
D:2 Sigmund
D:3 Grinder


Innate Abilities, Weirdness & Mutations

You cannot wear most types of armour.
You are very stealthy in the water. (Stealth+)
You are amphibious.
You can wear up to eight rings at the same time.
You can use your tentacles to constrict eight enemies at once.
Your skin changes colour to match your surroundings (Stealth+).
Your rubbery body absorbs attacks. (AC +1, EV +1)


Message History

Ouch! That really hurt!
You release your grip on the giant cockroach.
The bat hits you but does no damage. The bat misses you.
The bat barely misses you.
You see here 3 gold pieces.
The bat hits you but does no damage.
The giant cockroach bites you but does no damage.
The giant cockroach bites you but does no damage.
The bat hits you.
* * * LOW HITPOINT WARNING * * *
The bat hits you.
* * * LOW HITPOINT WARNING * * *
Grinder blinks!
The bat hits you but does no damage. The bat closely misses you.
Grinder gestures at you. Pain shoots through your body!
Ouch! That really hurt!
You die...

.. ........... ##.
...........
...............
##.............
.....#.......
##....#.... .........#
#@b###### #.##♣
#..##.s.....## #....
#....5......#####....
####............#....
#.....r..####......
...........# #.....
............#####.....
#..##..........##.....
..# ##########.#......


You could see Grinder, a giant cockroach, a bat and a rat.

Vanquished Creatures
  A dart slug (D:1)
  2 leopard geckos (D:1)
  2 bats (D:2)
  2 giant cockroaches (D:1)
  3 goblins
  5 hobgoblins
  4 jackals
  A ball python (D:2)
  2 frilled lizards
  2 kobolds
  9 rats
33 creatures vanquished.

Notes
Turn   | Place    | Note
-------+----------+-------------------------------------------
     0 | D:1      | mopl the Octopode Fire Elementalist began the quest for the
                  | Orb.
     0 | D:1      | Reached XP level 1. HP: 11/11 MP: 3/3
   213 | D:1      | Reached XP level 2. HP: 14/17 MP: 1/5
   991 | D:2      | Reached XP level 3. HP: 21/21 MP: 6/6
   996 | D:2      | Learned a level 3 spell: Conjure Flame
  1152 | D:2      | Found a hazy altar of Hepliaklqana.
  1222 | D:2      | Noticed Sigmund
  1466 | D:3      | Noticed Grinder
  1484 | D:3      | Killed from afar by Grinder

Levels and vault maps discovered:
D:1:      zaba_arrival_water, layout_basic, serial_forest,
          infiniplex_forest_lined_2, infiniplex_forest_clump_long,
          infiniplex_forest_end_1, infiniplex_forest_end_2,
          infiniplex_forest_clump_small, infiniplex_forest_clump_double,
          infiniplex_forest_lined_corner, infiniplex_forest_lined_room_3
D:2:      layout_basic, nicolae_overflow_hidden_temple, first_ration,
          uniq_sigmund, uniq_robin, uniq_natasha
D:3:      layout_rooms, grunt_temple_overflow_order_and_chaos_1,
          elyvilon_altar_3, uniq_grinder

Action                   || total
-------------------------++-------
Melee: Unarmed           ||    68
       Constrict         ||    25
       Tentacles         ||    13
       Whip              ||    11
 Cast: Flame Tongue      ||    11
 Stab: Sleeping          ||     9
  Eat: Chunk             ||     2
Armor: Skin              ||    17
Dodge: Dodged            ||    64
